AoeStats
← ChetosF

MegaRandom

510820653Analyzed
2v2 RM · 18d ago on Oct 2, 2026· 27m 43s· 4 players
Game mode
Random Map
Map size
Medium (4 player)
Population
200
Speed
Normal
Resources
Standard
Victory
Conquest
Starting age
Dark Age
Ending age
Imperial Age
RankedLock teamsTeams togetherTeam positionsShared explorationLock speedFull tech treeHidden civsTurbo modeCheats
Victory
Defeat
🇩🇪 Ethiopians · Germany
1106
+14
🇲🇽 Magyars · Mexico
1103
+14
vs
🇦🇹 Mongols · Austria
1065
-15
🇦🇹 Vietnamese · Austria
1043
-13
Lux
0:27 Loom
0:35 Loom
11:04 Feudal Age
18:56 Castle Age
17:38 Double-Bit Axe
19:04 Fletching
19:07 Crossbowman
22:29 Padded Archer Armor
24:17 Bodkin Arrow
25:19 Ballistics
25:44 Leather Archer Armor
27:11 Murder Holes
ChetosF
0:34 Loom
10:23 Feudal Age
11:19 Double-Bit Axe
14:32 Bloodlines
15:56 Scale Barding Armor
22:42 Castle Age
20:49 Horse Collar
23:11 Wheelbarrow
23:47 Bow Saw
24:02 Chain Barding Armor
23:44 Husbandry
24:56 Heavy Plow
26:20 Corvinian Army
anita__
8:25 Loom
12:51 Feudal Age
16:11 Scale Barding Armor
22:28 Forging
26:26 Castle Age
25:00 Double-Bit Axe
25:18 Horse Collar
26:51 Fletching
27:28 Bow Saw
28:04 Squires
Ecolibeats
3:19 Loom
15:12 Feudal Age
17:06 Wheelbarrow
16:46 Double-Bit Axe
18:39 Horse Collar
26:14 Castle Age
24:38 Padded Archer Armor
25:55 Fletching
Connection lost

Rejoining the realm…

Still unreachable

The connection could not be restored.

Session expired

The server has moved on; the page needs a fresh start.